 Dungeon Crawl Stone Soup version 0.28.0-1-gb440e238dd (webtiles) character file.

Game seed: 8830988721244528176

244 themarg the Covered (level 6, -7/47 HPs)
             Began as a Gnoll Wanderer on Feb 25, 2022.
             Killed by nerve-wracking pain
             ... invoked by an orc priest
              (9 damage)
             ... on level 4 of the Dungeon.
             The game lasted 00:11:26 (3617 turns).

themarg the Covered (Gnoll Wanderer)                Turns: 3617, Time: 00:11:28

Health: -7/47      AC:  7    Str: 16    XL:     6   Next: 10%
Magic:  11/11      EV: 10    Int: 11    God:
Gold:   151        SH:  0    Dex:  9    Spells: 10/11 levels left

rFire   . . .      SeeInvis +   b - +0 short sword
rCold   . . .      Faith    .   (no shield)
rNeg    . . .      Spirit   .   c - +0 ring mail
rPois   .          Reflect  .   p - +0 helmet
rElec   .          Harm     .   (no cloak)
rCorr   .          Rampage  .   (no gloves)
Will    .....                   (no boots)
Stlth   +.........              (no amulet)
HPRegen 0.15/turn               i - ring of see invisible
MPRegen 0.12/turn               (no ring)

@: no status effects
A: fangs 1, strong nose, distributed training
a: no special abilities


You were on level 4 of the Dungeon.
You visited 1 branch of the dungeon, and saw 4 of its levels.

You collected 151 gold pieces.

Inventory:

Hand Weapons
 a - a +2 shortbow
 b - a +0 short sword (weapon)
 r - a +0 mace
Missiles
 e - 128 stones (quivered)
 g - 5 poisoned darts
 k - 27 arrows
 l - 13 bolts
 s - 28 sling bullets
Armour
 c - a +0 ring mail (worn)
 p - a +0 helmet (worn)
 x - a +0 scale mail
Jewellery
 i - a ring of see invisible (left hand)
Wands
 y - a wand of polymorph (10)
Scrolls
 d - 2 scrolls of immolation
 f - a scroll of fog {unknown}
 h - 2 scrolls of teleportation {unknown}
 j - 5 scrolls of identify {unknown}
 m - a scroll of enchant weapon {unknown}
 o - a scroll of magic mapping {unknown}
 q - a scroll of brand weapon {unknown}
 t - a scroll of torment {unknown}
 B - a scroll of blinking {unknown}
Potions
 n - 2 potions of degeneration {unknown}
 u - a potion of lignification {unknown}
 v - a potion of resistance {unknown}
 w - 2 potions of mutation {unknown}
 z - a potion of heal wounds
 A - 2 potions of might {unknown}


   Skills:
 + Level 3.1 Fighting
 + Level 1.8 Short Blades
 + Level 1.8 Long Blades
 + Level 1.8 Axes
 + Level 1.8 Maces & Flails
 + Level 1.8 Polearms
 + Level 1.8 Staves
 + Level 1.8 Slings
 + Level 4.9 Bows
 + Level 1.8 Crossbows
 + Level 1.8 Throwing
 + Level 4.9 Armour
 + Level 1.8 Dodging
 + Level 3.0 Stealth
 + Level 1.8 Shields
 + Level 1.8 Unarmed Combat
 + Level 3.3 Spellcasting
 + Level 1.4 Conjurations
 + Level 1.4 Hexes
 + Level 1.4 Summonings
 + Level 1.4 Necromancy
 + Level 1.4 Translocations
 + Level 4.0 Transmutations
 + Level 1.4 Fire Magic
 + Level 1.4 Ice Magic
 + Level 1.4 Air Magic
 + Level 1.4 Earth Magic
 + Level 1.4 Poison Magic
 + Level 3.2 Invocations
 + Level 1.8 Evocations


You had 10 spell levels left.
You knew the following spells:

 Your Spells              Type           Power      Damage    Failure   Level
a - Beastly Appendage     Tmut           20%        N/A       9%          1

Your spell library contained the following spells:

 Spells                   Type           Power      Damage    Failure   Level
 Spider Form              Tmut/Pois      7%         N/A       41%         3


Dungeon Overview and Level Annotations

Branches:
Dungeon (4/15)
 Temple: D:4-7

Altars:
Cheibriados
Kikubaaqudgha
Xom
The Shining One


Innate Abilities, Weirdness & Mutations

You have very sharp teeth.
Your uncanny sense of smell can sniff out nearby items.
Your experience applies equally to all skills.


Message History

You shoot an arrow. The arrow hits the orc.
The orc is moderately wounded.
The orc priest invokes the aid of Beogh against you.
Beogh smites you! The orc hits you but does no damage.
Fire: 28 arrows
Press: ? - help, Q - select action, (/) - cycle Shift-Dir - straight line, f/p - orc
Aim: an orc, wielding a +0 hand axe (moderately wounded, 60% to hit)
You shoot an arrow. The arrow hits the orc.
The orc is heavily wounded.
The orc hits you with a +0 hand axe.
The orc priest calls down the wrath of Beogh upon you.
Beogh smites you!
b - a +0 short sword (weapon)
The orc priest hits you but does no damage.
You hit the orc priest.
The orc priest is moderately wounded.
The orc priest misses you.
You hit the orc priest.
The orc priest is moderately wounded.
The orc priest calls down the wrath of Beogh upon you.
Pain shoots through your body!
* * * LOW HITPOINT WARNING * * *
You hit the orc priest.
The orc priest is heavily wounded.
The orc priest barely misses you.
You closely miss the orc priest.
You bite the orc priest, but do no damage.
The orc priest is heavily wounded.
The orc priest closely misses you.
You hit the orc priest.
The orc priest is almost dead.
The orc priest hits you with a +0 morningstar!
* * * LOW HITPOINT WARNING * * *
You barely miss the orc priest.
The orc priest is almost dead.
The orc priest calls upon Beogh to heal the orc priest.
The orc priest is healed somewhat.
The orc priest mumbles some strange prayers to Beogh against you.
Pain shoots through your body!
You die...

### ##.. ..##
#o.# ##oo#
##@#(.#
##..##o(# ∆∆
#...###..#
##....# #.#
#.....# ..#
##....# ..#
##...#### ..
##.....## #
#####..###.##


You could see 2 orc priests and an orc.

Vanquished Creatures
  A scorpion (D:4)
  An iguana (D:4)
  8 adders
  A dart slug (D:1)
  An orc (D:4)
  7 bats
  2 bat zombies (D:3)
  7 endoplasms
  3 giant cockroaches
  8 hobgoblins
  11 jackals
  2 quokkas
  7 ball pythons
  A frilled lizard (D:1)
  7 goblins
  A jackal skeleton (D:4)
  3 kobolds
  7 rats
78 creatures vanquished.

Notes
Turn   | Place    | Note
-------+----------+-------------------------------------------
     0 | D:1      | themarg the Gnoll Wanderer began the quest for the Orb.
     0 | D:1      | themarg set off with the following items: a +2 shortbow, 23
                  | arrows, a +0 ring mail; and the following spell memorised:
                  | Beastly Appendage; and the following spells available to
                  | memorise: Spider Form
     0 | D:1      | Reached XP level 1. HP: 17/17 MP: 4/4
    68 | D:1      | Reached XP level 2. HP: 23/23 MP: 5/5
    71 | D:1      | Found a faded altar of an unknown god.
   537 | D:1      | Reached XP level 3. HP: 26/28 MP: 7/7
   669 | D:1      | Found a snail-covered altar of Cheibriados.
  1052 | D:2      | Reached skill level 1 in Short Blades
  1052 | D:2      | Reached skill level 1 in Long Blades
  1052 | D:2      | Reached skill level 1 in Axes
  1052 | D:2      | Reached skill level 1 in Maces & Flails
  1052 | D:2      | Reached skill level 1 in Polearms
  1052 | D:2      | Reached skill level 1 in Staves
  1052 | D:2      | Reached skill level 1 in Slings
  1052 | D:2      | Reached skill level 1 in Crossbows
  1052 | D:2      | Reached skill level 1 in Throwing
  1052 | D:2      | Reached skill level 1 in Dodging
  1052 | D:2      | Reached skill level 1 in Shields
  1052 | D:2      | Reached skill level 1 in Unarmed Combat
  1052 | D:2      | Reached skill level 1 in Evocations
  1323 | D:2      | Reached XP level 4. HP: 34/34 MP: 8/8
  1669 | D:2      | Reached skill level 1 in Conjurations
  1669 | D:2      | Reached skill level 1 in Hexes
  1669 | D:2      | Reached skill level 1 in Summonings
  1669 | D:2      | Reached skill level 1 in Necromancy
  1669 | D:2      | Reached skill level 1 in Translocations
  1669 | D:2      | Reached skill level 1 in Fire Magic
  1669 | D:2      | Reached skill level 1 in Ice Magic
  1669 | D:2      | Reached skill level 1 in Air Magic
  1669 | D:2      | Reached skill level 1 in Earth Magic
  1669 | D:2      | Reached skill level 1 in Poison Magic
  2432 | D:3      | Reached XP level 5. HP: 40/40 MP: 9/9
  2694 | D:3      | Found a shimmering altar of Xom.
  2894 | D:3      | Found an ancient bone altar of Kikubaaqudgha.
  2998 | D:4      | Found a glowing golden altar of the Shining One.
  3169 | D:4      | Reached XP level 6. HP: 4/47 MP: 9/11
  3616 | D:4      | HP: 2/47 [orc priest (8)]
  3617 | D:4      | Killed from afar by an orc priest

Illustrated notes

Levels and vault maps discovered:
D:1:      giann_wishing_wells, layout_basic, hellmonk_ecumenical_altar_blasted,
          nicolae_concentric_dashed_squares_mild, minmay_hexomino_r4
D:2:      layout_loops_ring, grunt_decor_clamped, st_stairs_7, eino_tiny_chamber
D:3:      layout_rooms, mainiacjoe_overflow_surrounded_room,
          lemuel_zombie_altar_kikubaaqudgha
D:4:      layout_cave_pods, lemuel_round_altar, mainiacjoe_overflow_catwalk,
          nemelex_dance_club_becter

Skill      XL: |  1  2  3  4  5 |
---------------+----------------+-----
Short Blades   | 1 |  1.8
Long Blades    | 1 |  1.8
Axes           | 1 |  1.8
Maces & Flails | 1 |  1.8
Polearms       | 1 |  1.8
Staves         | 1 |  1.8
Slings         | 1 |  1.8
Crossbows      | 1 |  1.8
Throwing       | 1 |  1.8
Dodging        | 1 |  1.8
Shields        | 1 |  1.8
Unarmed Combat | 1 |  1.8
Evocations     | 1 |  1.8
Spellcasting   | 3 |  3.3
Conjurations   | 1 |  1.4
Hexes          | 1 |  1.4
Summonings     | 1 |  1.4
Necromancy     | 1 |  1.4
Translocations | 1 |  1.4
Fire Magic     | 1 |  1.4
Ice Magic      | 1 |  1.4
Air Magic      | 1 |  1.4
Earth Magic    | 1 |  1.4
Poison Magic   | 1 |  1.4
Invocations    | 3 |  3.2
Fighting       | 3 |  3.1
Transmutations | 4 |  4.0
Stealth        | 3 |  3.0
Bows           | |  4.9
Armour         | |  4.9

Action                   |  1- 3 |  4- 6 || total
-------------------------+-------+-------++-------
Melee: Short sword       |    38 |   132 ||   170
       Bite              |     2 |    11 ||    13
       Punch             |       |     2 ||     2
 Fire: Shortbow          |    72 |    70 ||   142
Throw: Stone             |     4 |       ||     4
  Use: Potion            |       |     1 ||     1
Armor: Ring mail         |    29 |    84 ||   113
Dodge: Dodged            |    35 |    82 ||   117
